 Dungeon Crawl Stone Soup version 0.20.1-1-g8b1a95d (webtiles) character file.

161 Monsterracer the Gusty (level 5, -1/28 HPs)
             Began as a Tengu Air Elementalist on July 27, 2017.
             Slain by Sigmund
             ... wielding a +0 scythe
              (7 damage)
             ... on level 3 of the Dungeon.
             The game lasted 00:07:23 (2751 turns).

Monsterracer the Gusty (Tengu Air Elementalist)     Turns: 2751, Time: 00:07:24

Health: -1/28      AC:  3    Str:  9    XL:     5   Next: 42%
Magic:  4/10       EV: 12    Int: 16    God:
Gold:   53         SH:  0    Dex: 14    Spells: 3/9 levels left

rFire    . . .     SeeInvis .   k - +4 quarterstaff (chaos)
rCold    . . .     Gourm    .   (shield currently unavailable)
rNeg     . . .     Faith    .   a - +0 robe
rPois    .         Spirit   .   (helmet restricted)
rElec    .         Reflect  .   p - +0 cloak
rCorr    .         Harm     .   (no gloves)
MR       .....                  (boots unavailable)
Stlth    ++........             h - amulet of magic regeneration
Regen    0.1/turn               (no ring)
MPRegen  0.2/turn               (no ring)

@: no status effects
A: beak, talons 3, able to fly 1
a: Fly


You were on level 3 of the Dungeon.
You were not hungry.

You visited 1 branch of the dungeon, and saw 3 of its levels.

You collected 53 gold pieces.

Inventory:

Hand Weapons
 k - a +4 quarterstaff of chaos (weapon)
Armour
 a - a +0 robe (worn)
 f - a +3 leather armour
 p - a +0 cloak (worn)
Jewellery
 h - an amulet of magic regeneration (around neck)
Scrolls
 e - 2 scrolls of teleportation
 n - a scroll of identify {unknown}
 o - a scroll of fog {unknown}
Potions
 d - a potion of resistance {unknown}
 g - 2 potions of curing {unknown}
 l - a potion of mutation {unknown}
 m - 2 potions of flight {unknown}
Books
 b - a book of Air

   Spells                             Type                      Level
   a - Shock                          Conjuration/Air              1
   b - Swiftness                      Charms/Air                   2
   c - Static Discharge               Conjuration/Air              3
   d - Airstrike                      Air                          4
   e - Lightning Bolt                 Conjuration/Air              5
Comestibles
 c - a bread ration
 i - 4 fruits
 j - a royal jelly


   Skills:
 - Level 2.1 Dodging
 - Level 2.0 Stealth
 + Level 2.9 Spellcasting
 * Level 4.2 Conjurations
 * Level 5.8 Air Magic


You had 3 spell levels left.
You knew the following spells:

 Your Spells              Type           Power        Failure   Level  Hunger
a - Shock                 Conj/Air       ###.         2%          1    #......
b - Swiftness             Chrm/Air       ##......     9%          2    ##.....
c - Static Discharge      Conj/Air       ###.....     7%          3    ###....


Dungeon Overview and Level Annotations

Branches:
Dungeon (3/15)

Altars:

Annotations:
D:3 Sigmund


Innate Abilities, Weirdness & Mutations

You have a beak for a mouth.
You have claws for feet.
You can fly.


Message History

Aiming: Shock
Press: ? - help, Shift-Dir - straight line The zap hits Sigmund.
Sigmund appears unharmed.
Sigmund is heavily wounded.
The zap hits Sigmund.
Sigmund appears unharmed.
Sigmund is heavily wounded.
Sigmund hits you from afar with a scythe.
* * * LOW HITPOINT WARNING * * *
Huge Dmg: -11%(-3hp) hp: 22%(6hp)
Casting: Shock
Confirm with . or Enter, or press ? or * to list all spells.
Aiming: Shock
Press: ? - help, Shift-Dir - straight line The zap hits Sigmund.
Sigmund is heavily wounded.
The zap hits Sigmund.
Sigmund is severely wounded.
Sigmund says, "Now you see me, now you don't..."
Sigmund hits you from afar with a scythe!
You die...

$.. #.# #.# #(#
#.# #.# #.# #@#
##.###.########
....@.@........#
##############.#
#.# #.# #.# #.#
#######.#


You could see Sigmund.

Vanquished Creatures
  Crazy Yiuf (D:2)
  4 adders (D:2)
  An ooze (D:1)
  3 worms (D:2)
  7 dart slugs
  2 leopard geckos (D:1)
  A ball python (D:1)
  8 giant cockroaches
  8 goblins
  6 hobgoblins
  6 jackals
  5 kobolds
  A quokka (D:2)
  4 bats (D:1)
  A frilled lizard (D:1)
  4 rats
62 creatures vanquished.

Notes
Turn   | Place    | Note
-------+----------+-------------------------------------------
     0 | D:1      | Monsterracer the Tengu Air Elementalist began the quest for the Orb.
     0 | D:1      | Reached XP level 1. HP: 10/10 MP: 4/4
   230 | D:1      | Reached XP level 2. HP: 15/15 MP: 1/6
   292 | D:1      | Learned a level 2 spell: Swiftness
   550 | D:1      | Reached XP level 3. HP: 13/19 MP: 0/7
   555 | D:1      | Learned a level 3 spell: Static Discharge
  1173 | D:1      | Reached skill level 5 in Air Magic
  1513 | D:2      | HP: 9/19 [adder (5)]
  1515 | D:2      | Reached XP level 4. HP: 12/24 MP: 2/8
  1518 | D:2      | HP: 7/24 [hobgoblin (4)]
  2126 | D:2      | Gained mutation: You can fly. [Tengu growth]
  2126 | D:2      | Reached XP level 5. HP: 22/28 MP: 6/10
  2469 | D:2      | Found a runed door.
  2543 | D:2      | Noticed Crazy Yiuf
  2548 | D:2      | Killed Crazy Yiuf
  2738 | D:3      | Noticed Sigmund
  2747 | D:3      | HP: 9/28 [Sigmund/scythe (11)]
  2751 | D:3      | Slain by Sigmund

Skill      XL: |  1  2  3  4  5 |
---------------+----------------+-----
Conjurations   | 2 3 4 |  4.2
Air Magic      | 5 |  5.8
Dodging        | |  2.1
Stealth        | |  2.0
Spellcasting   | |  2.9

Action                   |  1- 3 |  4- 6 || total
-------------------------+-------+-------++-------
Melee: Unarmed           |     3 |       ||     3
       Dagger            |    33 |    11 ||    44
       Kick              |     5 |     3 ||     8
       Peck              |     3 |     4 ||     7
       Quarterstaff      |       |     7 ||     7
 Cast: Shock             |    55 |    62 ||   117
       Swiftness         |     2 |       ||     2
       Static Discharge  |     3 |     2 ||     5
  Use: Scroll            |     2 |       ||     2
  Eat: Chunk             |     3 |     5 ||     8
Armor: Robe              |    33 |    11 ||    44
Dodge: Dodged            |    56 |    31 ||    87
